 Dungeon Crawl Stone Soup version 0.26-a0-79-g47e9afce7f (webtiles) character file.

Game seed: 16989338207014117167

5989 vurker the Fighter (level 11, -4/94 HPs)
             Began as a Formicid Arcane Marksman on June 16, 2020.
             Was an Elder of Okawaru.
             Slain by a two-headed ogre
             ... wielding a +0 giant spiked club
              (15 damage)
             ... on level 8 of the Dungeon.
             The game lasted 00:18:54 (12373 turns).

vurker the Fighter (Formicid Arcane Marksman)      Turns: 12373, Time: 00:18:54

Health: -4/94      AC: 15    Str: 19    XL:     11   Next: 10%
Magic:  16/17      EV:  8    Int: 12    God:    Okawaru [****..]
Gold:   540        SH:  0    Dex: 11    Spells: 12/12 levels left

rFire    . . .     SeeInvis +   b - +3 whip (elec)
rCold    . . .     Gourm    .   (no shield)
rNeg     . . .     Faith    .   i - +0 plate armour
rPois    .         Spirit   .   (helmet unavailable)
rElec    .         Reflect  .   k - +0 cloak
rCorr    +         Harm     .   n - +1 pair of gloves
MR       ++...                  (no boots)
Stlth    ..........             (no amulet)
HPRegen  0.25/turn              p - ring of protection from magic
MPRegen  0.15/turn              o - ring of resist corrosion

@: heroism
A: permanent stasis, dig shafts and tunnels, four strong arms, antennae 3
a: Dig, Shaft Self, Heroism, Renounce Religion


You were on level 8 of the Dungeon.
You worshipped Okawaru.
Okawaru was greatly pleased with you.
You were hungry.

You visited 1 branch of the dungeon, and saw 8 of its levels.

You collected 540 gold pieces.

Inventory:

Hand Weapons
 a - a +0 hand crossbow
 b - a +3 whip of electrocution (weapon)
   (You took it off a kobold on level 3 of the Dungeon)
Missiles
 d - 61 bolts
 l - a throwing net (quivered)
Armour
 i - a +0 plate armour (worn)
   (You found it on level 2 of the Dungeon)
 k - a +0 cloak (worn)
   (You took it off Crazy Yiuf on level 3 of the Dungeon)
 n - a +1 pair of gloves (worn)
   (You found it on level 2 of the Dungeon)
Jewellery
 o - a ring of resist corrosion (right hand)
   (You found it on level 4 of the Dungeon)
 p - a ring of protection from magic (left hand)
   (You found it on level 2 of the Dungeon)
Wands
 s - a wand of clouds (12)
   (You found it on level 6 of the Dungeon)
 t - a wand of flame (14)
   (You found it on level 5 of the Dungeon)
Scrolls
 f - 2 scrolls of enchant weapon
 g - a scroll of fear
 m - 3 scrolls of remove curse
 r - 3 scrolls of enchant armour
Potions
 h - a potion of heal wounds
 j - a potion of lignification
 q - a potion of might
 v - a potion of invisibility {unknown}
 w - a potion of haste {unknown}
Comestibles
 e - 8 rations


   Skills:
 + Level 11.6(16.6) Fighting
 - Level 10.0(15.0) Crossbows
 - Level 1.7(6.7) Dodging
 - Level 1.1 Spellcasting
   Level 3.6 Hexes
 - Level 8.0 Invocations


You had 12 spell levels left.
You didn't know any spells.
Your spell library contained the following spells:

 Spells                   Type           Power        Failure   Level  Hunger
 Corona                   Hex            #......      90%         1    ##.....
 Slow                     Hex            #.......     97%         2    ###....
 Beastly Appendage        Tmut           #.....       100%        1    ##.....
 Sticks to Snakes         Tmut           #.......     100%        2    ###....
 Inner Flame              Hex/Fire       #.......     100%        3    ####...
 Portal Projectile        Hex/Tloc       #.....       100%        3    ####...
 Spider Form              Tmut/Pois      #.........   100%        3    ####...
 Cause Fear               Hex            #.........   100%        4    #####..
 Ice Form                 Ice/Tmut       #.......     100%        4    #####..
 Leda's Liquefaction      Hex/Erth       #.........   100%        4    #####..
 Blade Hands              Tmut           #.........   100%        5    ######.


Dungeon Overview and Level Annotations

Branches:
Dungeon (8/15)             Temple (0/1) D:7
   Lair: D:8-11

Altars:
Hepliaklqana
Nemelex Xobeh
Okawaru
Qazlal
Sif Muna
Trog
Vehumet
The Shining One

Shops:
D:4 %


Innate Abilities, Weirdness & Mutations

You cannot be hasted, slowed, berserked, paralysed or teleported.
You can dig through walls and to a lower floor.
Your four strong arms can wield two-handed weapons with a shield.
You have a pair of large antennae on your head. (SInv)


Message History

Found a leather armour.
Found a ration.
e - 8 rations (gained 1)
You are feeling hungry.
You sense a monster nearby.
Found an escape hatch in the floor.
Found a dagger.
A two-headed ogre comes into view.
It is wielding a +0 giant spiked club and a +0 dire flail.
The two-headed ogre shouts in stereo!
Found 22 gold pieces.
A two-headed ogre is nearby!
You see here a dagger.
You gain the combat prowess of a mighty hero.
You hear the crackle of electricity.
b - a +3 whip of electrocution (weapon)
The two-headed ogre hits you with a +0 giant spiked club!
The two-headed ogre barely misses you.
You hit the two-headed ogre.
Lightning courses through the two-headed ogre!
You barely miss the two-headed ogre.
The two-headed ogre hits you with a +0 giant spiked club!
The two-headed ogre barely misses you.
You hit the two-headed ogre. You whack the two-headed ogre!
The two-headed ogre barely misses you. x2
You barely miss the two-headed ogre. The two-headed ogre closely misses you.
The two-headed ogre hits you with a cursed +0 dire flail.
You closely miss the two-headed ogre.
Your plate armour prevents you from hitting the two-headed ogre.
The two-headed ogre barely misses you. x2
You hit the two-headed ogre.
The two-headed ogre hits you with a +0 giant spiked club!!
* * * LOW HITPOINT WARNING * * *
The two-headed ogre hits you but does no damage.
Unknown command.
You hit the two-headed ogre. You hit the two-headed ogre.
The two-headed ogre hits you with a +0 giant spiked club!!
* * * LOW HITPOINT WARNING * * *
The two-headed ogre hits you with a cursed +0 dire flail!
* * * LOW HITPOINT WARNING * * *
Aim: a two-headed ogre, wielding a +0 giant spiked club and a +0 dire flail (almost dead)
You create a blast of noxious fumes!
The two-headed ogre is engulfed in noxious fumes.
The two-headed ogre closely misses you.
The two-headed ogre hits you but does no damage.
You hit the two-headed ogre. You barely miss the two-headed ogre.
The two-headed ogre is engulfed in noxious fumes.
The two-headed ogre hits you with a +0 giant spiked club!
You die...

♣♣.♣....### #.
##♣.♣....##{{
#.#.###.♣♣....## { ..
#.....♣...## {
#.#.###...♣.##### #. .#
##..♣♣.# {{# # #.#.#
##♣♣.♣♣###.# ...#.#...#
♣..♣.##{. .......@.#
♣♣....### ...#.##O##
♣♣♣.♣....♣.
.....##§####.♣..♣..♣....
......§§§.....♣.♣.♣♣♣...
##.##.#§#######..♣♣♣.♣♣.
#.##.#.## #..##.♣♣♣.
#.......# ##..###.♣♣♣
#.##.#..#####..........
#.##.#..........###..>.


You could see a two-headed ogre.

Vanquished Creatures
  A two-headed ogre (D:8)
  3 hippogriffs
  An ice beast (D:8)
  2 orc warriors
  2 sky beasts
  A phantom (D:5)
  A centaur (D:6)
  2 ogres
  A big kobold (D:7)
  4 bullfrogs
  2 scorpions
  2 water moccasin skeletons (D:6)
  46 killer bees (D:8)
  4 howler monkeys
  5 crimson imps
  A centaur zombie (D:7)
  A bullfrog zombie (D:6)
  3 jellies
  4 hounds
  2 orc priests
  Crazy Yiuf (D:3)
  3 iguanas
  2 centaur skeletons
  6 orc wizards
  6 worker ants
  A killer bee zombie (D:5)
  A worker ant zombie (D:6)
  10 gnolls
  10 adders
  A shadow imp (D:5)
  An adder skeleton (D:7)
  4 worms
  5 dart slugs
  7 leopard geckos
  18 orcs
  A ball python (D:1)
  6 bats
  4 giant cockroaches
  9 goblins
  8 hobgoblins
  20 jackals
  A quokka (D:2)
  6 frilled lizards
  A giant cockroach zombie (D:5)
  10 kobolds
  A quokka skeleton (D:7)
  5 rats
236 creatures vanquished.

Vanquished Creatures (others)
  A killer bee (D:8)
1 creature vanquished.

Grand Total: 237 creatures vanquished

Notes
Turn   | Place    | Note
-------+----------+-------------------------------------------
     0 | D:1      | vurker the Formicid Arcane Marksman began the quest for the
                  | Orb.
     0 | D:1      | Reached XP level 1. HP: 15/15 MP: 2/2
    50 | D:1      | Reached XP level 2. HP: 21/21 MP: 3/3
   270 | D:1      | Reached XP level 3. HP: 27/27 MP: 4/4
   281 | D:1      | Reached skill level 2 in Fighting
   766 | D:2      | Found an iron altar of Okawaru.
   775 | D:2      | Became a worshipper of Warmaster Okawaru
   948 | D:2      | Reached XP level 4. HP: 25/33 MP: 5/5
  1425 | D:2      | Reached skill level 1 in Invocations
  1801 | D:3      | Found a hazy altar of Hepliaklqana.
  1841 | D:3      | Found a faded altar of an unknown god.
  1962 | D:3      | Reached XP level 5. HP: 38/39 MP: 6/6
  2081 | D:3      | Found a runed translucent door.
  2082 | D:3      | Noticed Crazy Yiuf
  2288 | D:3      | Reached skill level 3 in Fighting
  2308 | D:3      | Found a stormy altar of Qazlal.
  2308 | D:3      | Found a radiant altar of Vehumet.
  2440 | D:3      | Reached XP level 6. HP: 30/47 MP: 7/7
  2468 | D:3      | Reached * piety under Okawaru
  3482 | D:3      | Killed Crazy Yiuf
  3482 | D:3      | Reached skill level 5 in Crossbows
  3745 | D:4      | Found a stormy altar of Qazlal.
  3938 | D:4      | Found a glowing golden altar of the Shining One.
  3969 | D:4      | Reached XP level 7. HP: 29/53 MP: 9/9
  4245 | D:4      | Found Ikutot's Food Shoppe.
  4277 | D:4      | Reached skill level 4 in Fighting
  4865 | D:5      | Entered Level 5 of the Dungeon
  5225 | D:5      | Reached XP level 8. HP: 47/61 MP: 11/11
  6189 | D:6      | Reached skill level 5 in Fighting
  6199 | D:6      | Reached ** piety under Okawaru
  6199 | D:6      | Reached skill level 5 in Invocations
  6373 | D:6      | Found a sparkling altar of Nemelex Xobeh.
  6694 | D:6      | Found a bloodstained altar of Trog.
  6984 | D:6      | Reached XP level 9. HP: 69/69 MP: 13/13
  7379 | D:7      | Noticed a hippogriff
  7457 | D:7      | Killed a hippogriff
  7457 | D:7      | Reached skill level 6 in Fighting
  7608 | D:7      | Found a staircase to the Ecumenical Temple.
  7639 | D:7      | Noticed a hippogriff
  7648 | D:7      | Killed a hippogriff
  7962 | D:7      | Reached *** piety under Okawaru
  8334 | D:7      | Found a shimmering blue altar of Sif Muna.
  8859 | D:8      | Reached skill level 7 in Fighting
  9527 | D:8      | Received a gift from Okawaru
  9527 | D:8      | Reached XP level 10. HP: 77/79 MP: 13/15
  9671 | D:8      | Reached skill level 10 in Crossbows
 10088 | D:8      | Reached skill level 8 in Fighting
 10695 | D:8      | Reached skill level 9 in Fighting
 10712 | D:8      | Reached **** piety under Okawaru
 10739 | D:8      | Noticed a two-headed ogre
 10750 | D:8      | Killed a two-headed ogre
 10750 | D:8      | Received a gift from Okawaru
 10750 | D:8      | Reached skill level 10 in Fighting
 11466 | D:8      | Reached skill level 11 in Fighting
 11649 | D:8      | Reached XP level 11. HP: 58/93 MP: 17/17
 12125 | D:8      | Received a gift from Okawaru
 12347 | D:8      | Noticed a two-headed ogre
 12373 | D:8      | Slain by a two-headed ogre

Illustrated notes

Levels and vault maps discovered:
D:1:      lemuel_arrival_river_ford, layout_rooms,
          hangedman_decor_diamond_cutter
D:2:      layout_rooms, okawaru_metal_pillars_1_2
D:3:      layout_loops_corners, nicolae_overflow_crystal_walls,
          gammafunk_temple_overflow_wave, gup_sewer_entry_spiral, first_ration,
          serial_forest, infiniplex_forest_3_way, infiniplex_forest_end_1,
          infiniplex_forest_end_3, infiniplex_forest_corner_1,
          infiniplex_forest_lined_room_3, infiniplex_forest_clump_curved,
          chequers_ecumenical_altar_grove, uniq_crazy_yiuf_cottage
D:4:      layout_basic, kennysheep_mini_moat, serial_shops, shop,
          nicolae_qazlal_general_emergency
D:5:      layout_loops_corners, grunt_ministairs_1, dk_noncrumbling_3,
          kennysheep_path_1, kennysheep_opposing_triangles
D:6:      layout_loops_ring, lemuel_coloured_pillars_altar,
          nemelex_xobeh_ov_fountains_minmay
D:7:      layout_loops_ring, kennysheep_mini, minmay_temple_entry_slanted,
          grunt_ministairs_9
D:8:      wad_woods_minihive, layout_loops_ring

Skill      XL: |  1  2  3  4  5  6  7  8  9 10 |
---------------+-------------------------------+-----
Crossbows      | 3 4 5 6 7 9 10 | 10.0
Fighting       | 2 3 4 5 7 11 | 11.6
Invocations    | 1 2 3 4 5 7 8 |  8.0
Dodging        | |  1.7
Spellcasting   | |  1.1
Hexes          | |  3.6

Action                   |  1- 3 |  4- 6 |  7- 9 | 10-12 || total
-------------------------+-------+-------+-------+-------++-------
Melee: Whip              |       |   160 |   428 |    98 ||   686
 Fire: Hand crossbow     |    66 |    74 |    19 |   224 ||   383
Throw: Throwing net      |       |       |       |     1 ||     1
Invok: Heroism           |       |       |     6 |     7 ||    13
 Abil: Dig               |       |     3 |    10 |     4 ||    17
Evoke: Wand              |       |       |       |     5 ||     5
  Use: Scroll            |       |     6 |    12 |       ||    18
       Potion            |       |       |     1 |     7 ||     8
 Stab: Confused          |       |       |       |     1 ||     1
  Eat: Chunk             |       |    10 |    14 |     4 ||    28
       Ration            |       |       |     2 |     1 ||     3
Armor: Robe              |     1 |       |       |       ||     1
       Plate armour      |     9 |   178 |   362 |   203 ||   752
       Skin              |       |       |       |    64 ||    64
Dodge: Dodged            |     9 |    53 |   128 |   116 ||   306

Table legend:
 A = Non-vault XP
 B = Vault XP
 C = Vault XP percentage of total XP
 D = Non-vault monster count
 E = Vault monster count
 F = Vault count percentage of total count
                 A         B        C        D         E       F
            +---------+---------+-------+---------+---------+-------
      Total |    5577 |    2979 |  34.8 |     179 |      58 |  24.5
            +---------+---------+-------+---------+---------+-------
        D:1 |      48 |       0 |   0.0 |      24 |       0 |   0.0
        D:2 |      67 |       0 |   0.0 |      20 |       0 |   0.0
        D:3 |     280 |      49 |  14.9 |      30 |       7 |  18.9
        D:4 |     344 |       0 |   0.0 |      18 |       0 |   0.0
        D:5 |     410 |      57 |  12.2 |      15 |       3 |  16.7
        D:6 |     742 |       0 |   0.0 |      18 |       0 |   0.0
        D:7 |    1599 |       3 |   0.2 |      30 |       1 |   3.2
        D:8 |    2087 |    2870 |  57.9 |      24 |      47 |  66.2
            +---------+---------+-------+---------+---------+-------
